Scraper vs Carnivores

Created - 13 mars 2015 at 19:11

Goals
1 2 3 T
Scraper 1 3 3 7
Carnivores 2 0 1 3
Shots
1 2 3 T
Scraper 15 13 9 37
Carnivores 8 13 17 38

1st period

1. Carnivores , Tim Conboy 41 (Anton Gustafsson, Andrew Ference) at 9:42
2. Scraper , Daniel Winnik 24 (Riley Armstrong, Eric Godard) at 14:36
3. Carnivores , David Van Der Gulik 28 (Matt Cullen) at 17:23

Penalties :
Joe Finley (Out) for Hooking (Minor) at 6:17, Brendan Smith (Out) for Slashing (Minor) at 11:27

2nd period

4. Scraper , Marcus Foligno 3 (Valeri Bure, Rick Schofield) at 1:37
5. Scraper , Eric Godard 29 (Riley Armstrong, Brendan Smith) at 8:22 (PP)
6. Scraper , Daniel Winnik 25 (Jared Cowen, Eric Godard) at 10:43

Penalties :
David Schlemko (Bre) for Hooking (Minor) at 6:24

3rd period

7. Scraper , Daniel Winnik 26 (Brendan Smith) at 2:00
8. Scraper , Riley Armstrong 23 (Brendan Smith) at 2:34
9. Scraper , Daniel Winnik 27 (Riley Armstrong, Eric Godard) at 8:34
10. Carnivores , Jeremy Welsh 16 (Anton Gustafsson) at 8:50

Penalties :
Anton Gustafsson (Bre) for Tripping (Minor) at 2:59, Riley Nash (Out) for Tripping (Minor) at 5:23, Patrick McNeill (Bre) for Hooking (Minor) at 16:53

Goalie Stats

Peter Mannino (Out), 35 saves from 38 shots - (0,921), W, 17-17-1, 60:00 minutes
Steve Mason (Bre), 30 saves from 37 shots - (0,811), L, 17-10-3, 60:00 minutes

Players Stats for Scraper

Player Name              G  A  P  +/- PIM S  H  SB GA TA FO     MP     PP MP  PK MP  
------------------------------------------------------------------------------------
Brayden Schenn           0  0  0  -1  0   1  1  0  1  1  2/9    12:45   0:11   0:37 
Brendan Smith            0  3  3   0  2   1  1  1  1  1  0/0    27:42   3:55   2:31 
Daniel Winnik            4  0  4   4  0   4  1  0  1  0  0/0    18:04   3:03   2:19 
Derek Joslin             0  0  0   0  0   2  1  2  2  0  0/0    25:17   3:55   3:40 
Eric Godard              1  3  4   4  0   4  0  0  1  2  1/4    27:19   3:03   2:46 
Eric Gryba               0  0  0   0  0   1  0  0  0  0  0/0    10:32   0:00   0:00 
Eric Knodel              0  0  0   0  0   0  0  0  0  0  0/0     3:56   0:00   0:13 
Ilkka Heikkinen          0  0  0   3  0   1  1  2  0  0  0/0    20:32   2:01   2:17 
Jared Cowen              0  1  1   3  0   2  2  0  0  1  0/0    20:22   2:01   2:07 
Jerome Samson            0  0  0  -1  0   0  1  2  0  1  0/2    10:43   0:11   1:20 
Joe Finley               0  0  0   0  2   0  1  0  0  1  0/0    11:39   0:00   1:06 
Marcus Foligno           1  0  1   0  0   1  2  1  1  1  0/0    19:53   2:42   0:29 
Reilly Smith             0  0  0  -1  0   1  3  1  0  1  0/0    11:55   0:11   0:00 
Rick Schofield           0  1  1   0  0   1  0  0  0  2  7/16   19:00   2:42   0:00 
Riley Armstrong          1  3  4   4  0   8  5  1  0  0  20/37  24:59   3:03   2:53 
Riley Nash               0  0  0   0  2   1  0  0  1  0  3/3     8:50   0:00   0:00 
Roman Horak              0  0  0   0  0   0  0  0  0  0  0/0     0:00   0:00   0:00 
Valeri Bure              0  1  1   0  0   9  7  0  1  1  1/1    20:32   2:42   1:30 

Players Stats for Carnivores

Player Name              G  A  P  +/- PIM S  H  SB GA TA FO     MP     PP MP  PK MP  
------------------------------------------------------------------------------------
Andrew Ference           0  1  1  -3  0   4  2  1  1  3  0/0    27:22   2:39   3:53 
Anton Gustafsson         0  2  2   0  2   6  0  0  1  1  19/34  21:45   2:38   2:11 
Anton Lander             0  0  0   0  0   4  0  1  0  0  8/18   21:53   0:26   2:25 
Billy Sweat              0  0  0  -3  0   3  0  0  0  0  1/1    15:19   2:15   2:53 
Bobby Sanguinetti        0  0  0  -1  0   0  0  0  0  1  0/0    14:39   3:18   1:03 
Chris Butler             0  0  0   0  0   0  0  1  0  0  0/0     9:14   0:00   1:22 
Christopher DiDomenico   0  0  0   0  0   1  2  0  0  1  1/1     9:21   0:00   0:13 
Colton Orr               0  0  0  -4  0   3  0  1  1  0  0/0    15:00   0:50   0:00 
David Schlemko           0  0  0   0  2   0  1  3  0  0  0/0     7:30   0:00   0:39 
David Van Der Gulik      1  0  1   0  0   3  2  0  4  0  3/3    14:39   2:15   0:00 
Frederic St-Denis        0  0  0   1  0   0  0  0  0  0  0/0    11:21   0:00   0:48 
Ian Schultz              0  0  0   0  0   0  1  0  0  0  0/1     8:42   0:00   0:00 
Jeremy Welsh             1  0  1   0  0   4  1  0  2  1  0/0    19:29   2:48   0:00 
John Moore               0  0  0  -3  0   3  0  2  0  1  0/0    25:40   2:39   3:37 
Lane MacDermid           0  0  0   0  0   5  1  0  0  0  1/4    18:25   0:54   3:36 
Matt Cullen              0  1  1   0  0   1  3  0  1  0  2/3    13:16   3:38   0:34 
Patrick McNeill          0  0  0   1  2   0  0  2  0  0  0/0    12:52   1:23   0:00 
Phil Oreskovic           0  0  0  -1  0   0  0  1  0  0  0/0    11:46   1:55   0:30 
Tim Conboy               1  0  1   1  0   1  0  0  2  1  1/1     6:00   2:07   0:00 
Zack Smith               0  0  0  -3  0   0  1  0  0  0  2/6     9:48   0:00   0:00 

3 Stars

1 - Daniel Winnik (Out)
2 - Riley Armstrong (Out)
3 - Eric Godard (Out)

Power Play

Scraper - 1 on 3 Attempt(s) - 33,33%
Carnivores - 0 on 3 Attempt(s) - 0,00%

Penalty Kill

Scraper - 3 on 3 Attempt(s) - 100,00% - Score 0 goal in Penalty Kill
Carnivores - 2 on 3 Attempt(s) - 66,67% - Score 0 goal in Penalty Kill

Team Stat

Scraper - Hits : 26 - Faceoff Wins : 34 - Blocked Shots : 10 - Penalty Minutes : 6
Carnivores - Hits : 14 - Faceoff Wins : 38 - Blocked Shots : 12 - Penalty Minutes : 6

Official

Referees : Watson Brad and Peel Tim
Linesman : Brian Mach and Jonny Murray

Game Notes

Tim Conboy is injured at 13:32 of 1st period (Bruised Right Foot)
Phil Oreskovic is injured at 1:25 of 3rd period (Back)
Daniel Winnik has scored a Hat Trick!
Bobby Sanguinetti is injured at 9:44 of 3rd period (Bruised Right Foot)

Finance

Level 1 -- Attendance: 1462 (73,10%) -- Ticket Income 58 480 $
Level 2 -- Attendance: 736 (73,60%) -- Ticket Income 13 984 $
Total Attendance: 2198 (73,27%)
Total Ticket Income: 72 464 $
Other Income: 3 623 $
Total Income: 76 087 $

Scraper

5 vs 5 Forward 
   Center                   Left Wing                Right Wing               Time % Phy DF OF 
 1 Riley Armstrong          Daniel Winnik            Eric Godard              40     1   2  2  
 2 Rick Schofield           Marcus Foligno           Valeri Bure              30     1   2  2  
 3 Brayden Schenn           Eric Godard              Reilly Smith             20     1   2  2  
 4 Riley Nash               Riley Armstrong          Jerome Samson            10     1   2  2  

5 vs 5 Defense 
   Defense                  Defense                                           Time % Phy DF OF 
 1 Brendan Smith            Derek Joslin                                      40     1   2  2  
 2 Ilkka Heikkinen          Jared Cowen                                       30     1   2  2  
 3 Eric Gryba               Joe Finley                                        20     1   2  2  
 4 Eric Knodel              Brendan Smith                                     10     1   2  2  

PowerPlay Forward 
   Center                   Left Wing                Right Wing               Time % Phy DF OF 
 1 Riley Armstrong          Daniel Winnik            Eric Godard              60     1   2  2  
 2 Rick Schofield           Marcus Foligno           Valeri Bure              40     1   2  2  

PowerPlay Defense
   Defense                  Defense                                           Time % Phy DF OF 
 1 Brendan Smith            Derek Joslin                                      60     1   2  2  
 2 Ilkka Heikkinen          Jared Cowen                                       40     1   2  2  

Penalty Kill 4 Players Forward 
   Center                   Wing                     Time % Phy DF OF 
 1 Eric Godard              Riley Armstrong          60     1   2  2  
 2 Valeri Bure              Daniel Winnik            40     1   2  2  

Penalty Kill 4 Players Defense
   Defense                  Defense                  Time % Phy DF OF 
 1 Brendan Smith            Derek Joslin             60     1   2  2  
 2 Ilkka Heikkinen          Jared Cowen              40     1   2  2  

Penalty Kill - 3 Players Forward 
   Forward                                           Time % Phy DF OF 
 1 Eric Godard                                       60     1   2  2  
 2 Riley Armstrong                                   40     1   2  2  

Penalty Kill - 3 Players Defense
   Defense                  Defense                  Time % Phy DF OF 
 1 Brendan Smith            Derek Joslin             60     1   2  2  
 2 Ilkka Heikkinen          Jared Cowen              40     1   2  2  

4 vs 4 Forward 
   Center                   Wing                     Time % Phy DF OF 
 1 Eric Godard              Riley Armstrong          60     1   2  2  
 2 Valeri Bure              Daniel Winnik            40     1   2  2  

4 vs 4 Defense
   Defense                  Defense                  Time % Phy DF OF 
 1 Brendan Smith            Derek Joslin             60     1   2  2  
 2 Ilkka Heikkinen          Jared Cowen              40     1   2  2  

Last Minutes Offensive
   Center                   Left Wing                Right Wing               Defense                  Defense                  
   Riley Armstrong          Daniel Winnik            Eric Godard              Brendan Smith            Derek Joslin             

Last Minutes Defensive
   Center                   Left Wing                Right Wing               Defense                  Defense                  
   Riley Armstrong          Daniel Winnik            Eric Godard              Brendan Smith            Derek Joslin             

Goaltenders
Starting : Peter Mannino            
Backup : Maxime Ouellet           

Extra Forwards
Normal : Brayden Schenn, Reilly Smith, Jerome Samson - PP : Brayden Schenn, Reilly Smith - PK : Jerome Samson
Extra Defensemen
Normal : Eric Gryba, Joe Finley, Eric Knodel - PP : Eric Gryba - PK : Joe Finley, Eric Knodel
Penalty Shots
Eric Godard, Riley Armstrong, Valeri Bure, Daniel Winnik, Rick Schofield

Carnivores

5 vs 5 Forward 
   Center                   Left Wing                Right Wing               Time % Phy DF OF 
 1 Anton Gustafsson         Jeremy Welsh             Tim Conboy               40     1   2  2  
 2 Anton Lander             Lane MacDermid           David Van Der Gulik      30     1   2  2  
 3 Zack Smith               Billy Sweat              Colton Orr               20     1   2  2  
 4 Matt Cullen              Christopher DiDomenico   Ian Schultz              10     1   2  2  

5 vs 5 Defense 
   Defense                  Defense                                           Time % Phy DF OF 
 1 Andrew Ference           John Moore                                        40     1   2  2  
 2 Phil Oreskovic           Bobby Sanguinetti                                 25     1   2  2  
 3 Patrick McNeill          Frederic St-Denis                                 20     1   2  2  
 4 Chris Butler             David Schlemko                                    15     1   2  2  

PowerPlay Forward 
   Center                   Left Wing                Right Wing               Time % Phy DF OF 
 1 Matt Cullen              Jeremy Welsh             Tim Conboy               60     1   2  2  
 2 Anton Gustafsson         Billy Sweat              David Van Der Gulik      40     1   2  2  

PowerPlay Defense
   Defense                  Defense                                           Time % Phy DF OF 
 1 Andrew Ference           John Moore                                        60     1   2  2  
 2 Phil Oreskovic           Bobby Sanguinetti                                 40     1   2  2  

Penalty Kill 4 Players Forward 
   Center                   Wing                     Time % Phy DF OF 
 1 Anton Gustafsson         Tim Conboy               60     1   2  2  
 2 Anton Lander             Colton Orr               40     1   2  2  

Penalty Kill 4 Players Defense
   Defense                  Defense                  Time % Phy DF OF 
 1 Andrew Ference           John Moore               60     1   2  2  
 2 Phil Oreskovic           Bobby Sanguinetti        40     1   2  2  

Penalty Kill - 3 Players Forward 
   Forward                                           Time % Phy DF OF 
 1 Anton Gustafsson                                  60     1   2  2  
 2 Anton Lander                                      40     1   2  2  

Penalty Kill - 3 Players Defense
   Defense                  Defense                  Time % Phy DF OF 
 1 Andrew Ference           John Moore               60     1   2  2  
 2 Phil Oreskovic           Bobby Sanguinetti        40     1   2  2  

4 vs 4 Forward 
   Center                   Wing                     Time % Phy DF OF 
 1 Anton Gustafsson         Tim Conboy               60     1   2  2  
 2 Matt Cullen              David Van Der Gulik      40     1   2  2  

4 vs 4 Defense
   Defense                  Defense                  Time % Phy DF OF 
 1 Andrew Ference           John Moore               60     1   2  2  
 2 Phil Oreskovic           Bobby Sanguinetti        40     1   2  2  

Last Minutes Offensive
   Center                   Left Wing                Right Wing               Defense                  Defense                  
   Matt Cullen              Jeremy Welsh             Tim Conboy               Andrew Ference           John Moore               

Last Minutes Defensive
   Center                   Left Wing                Right Wing               Defense                  Defense                  
   Matt Cullen              Jeremy Welsh             Tim Conboy               Andrew Ference           John Moore               

Goaltenders
Starting : Steve Mason              
Backup : Antti Raanta             

Extra Forwards
Normal : Anton Gustafsson, Anton Lander, Lane MacDermid - PP : Anton Gustafsson, Anton Lander - PK : Lane MacDermid
Extra Defensemen
Normal : Patrick McNeill, Chris Butler, Frederic St-Denis - PP : Patrick McNeill - PK : Chris Butler, Frederic St-Denis
Penalty Shots
David Van Der Gulik, Tim Conboy, Anton Gustafsson, Matt Cullen, Billy Sweat

% Time on Ice - Scraper

Lines # - Real PCT - Wanted PCT - Time Play
Normal Forward
1 - 26% - 40% - 12:41
2 - 34% - 30% - 16:20
3 - 22% - 20% - 10:47
4 - 17% - 10% - 8:19
Normal Defense
1 - 37% - 40% - 17:42
2 - 34% - 30% - 16:14
3 - 22% - 20% - 10:32
4 - 8% - 10% - 3:39
PP Forward
1 - 54% - 60% - 3:14
2 - 46% - 40% - 2:42
PP Defense
1 - 66% - 60% - 3:55
2 - 34% - 40% - 2:01
PK Forward
1 - 75% - 60% - 4:27
2 - 25% - 40% - 1:30
PK Defense
1 - 64% - 60% - 3:50
2 - 36% - 40% - 2:07
PK3 Forward
1 - 0% - 60%
2 - 0% - 40%
PK3 Defense
1 - 0% - 60%
2 - 0% - 40%
44 Forward
1 - 0% - 60%
2 - 0% - 40%
44 Defense
1 - 0% - 60%
2 - 0% - 40%
Last Minute Offensive  - 0:00
Last Minute Defensive  - 0:00
Total
Forward - 60:00
Defense - 60:00

% Time on Ice - Carnivores

Lines # - Real PCT - Wanted PCT - Time Play
Normal Forward
1 - 37% - 40% - 17:35
2 - 25% - 30% - 12:02
3 - 20% - 20% - 9:48
4 - 18% - 10% - 8:42
Normal Defense
1 - 38% - 40% - 18:09
2 - 33% - 25% - 15:49
3 - 18% - 20% - 8:36
4 - 12% - 15% - 5:33
PP Forward
1 - 62% - 60% - 3:42
2 - 38% - 40% - 2:15
PP Defense
1 - 45% - 60% - 2:39
2 - 55% - 40% - 3:18
PK Forward
1 - 100% - 60% - 5:56
2 - 0% - 40% - 0:00
PK Defense
1 - 61% - 60% - 3:37
2 - 39% - 40% - 2:19
PK3 Forward
1 - 0% - 60%
2 - 0% - 40%
PK3 Defense
1 - 0% - 60%
2 - 0% - 40%
44 Forward
1 - 0% - 60%
2 - 0% - 40%
44 Defense
1 - 0% - 60%
2 - 0% - 40%
Last Minute Offensive  - 0:00
Last Minute Defensive  - 0:00
Total
Forward - 60:00
Defense - 60:00

Play by Play

1st period


0:01 of 1st period - Anton Gustafsson wins face-off versus Riley Armstrong in neutral zone.
0:10 of 1st period - Wrist shot by Riley Armstrong.
0:10 of 1st period - Deflect By Daniel Winnik.
0:10 of 1st period - Shot Misses the Net.
0:10 of 1st period - Puck is out of play.
0:11 of 1st period - David Van Der Gulik wins face-off versus Rick Schofield in Carnivores zone.
0:32 of 1st period - Bobby Sanguinetti is hit by Marcus Foligno.
1:01 of 1st period - Slapshot by Ilkka Heikkinen.
1:01 of 1st period - Deflect By David Van Der Gulik.
1:01 of 1st period - Stopped by Steve Mason with a rebound.
1:05 of 1st period - Snap shot by Valeri Bure.
1:05 of 1st period - Stopped by Steve Mason with a rebound.
1:07 of 1st period - Wrist shot by Marcus Foligno.
1:07 of 1st period - Shot Misses the Net.
1:09 of 1st period - Snap shot by Jared Cowen.
1:09 of 1st period - Stopped by Steve Mason without a rebound.
1:10 of 1st period - Anton Gustafsson wins face-off versus Riley Armstrong in Carnivores zone.
1:54 of 1st period - Wrist shot by Riley Armstrong.
1:54 of 1st period - Shot Misses the Net.
2:51 of 1st period - Slapshot by Anton Gustafsson.
2:51 of 1st period - Stopped by Peter Mannino without a rebound.
2:52 of 1st period - Riley Nash wins face-off versus Anton Gustafsson in Scraper zone.
2:58 of 1st period - Off-side.
2:59 of 1st period - Anton Gustafsson wins face-off versus Brayden Schenn in neutral zone.
3:03 of 1st period - Off-side.
3:04 of 1st period - Anton Gustafsson wins face-off versus Brayden Schenn in neutral zone.
3:16 of 1st period - Snap shot by Tim Conboy.
3:16 of 1st period - Shot Blocked by Reilly Smith.
3:36 of 1st period - Slapshot by Brayden Schenn.
3:36 of 1st period - Shot Blocked by David Schlemko.
3:38 of 1st period - Slapshot by Brendan Smith.
3:38 of 1st period - Shot Blocked by Chris Butler.
3:40 of 1st period - Slapshot by Eric Godard.
3:40 of 1st period - Shot Misses the Net.
3:42 of 1st period - Slapshot by Derek Joslin.
3:42 of 1st period - Stopped by Steve Mason with a rebound.
4:06 of 1st period - Snap shot by Brayden Schenn.
4:06 of 1st period - Stopped by Steve Mason with a rebound.
4:08 of 1st period - Slapshot by Derek Joslin.
4:08 of 1st period - Shot Blocked by David Schlemko.
4:10 of 1st period - Wrist shot by Eric Godard.
4:10 of 1st period - Stopped by Steve Mason with a rebound.
4:12 of 1st period - Slapshot by Brayden Schenn.
4:12 of 1st period - Shot Blocked by David Schlemko.
4:14 of 1st period - Slapshot by Reilly Smith.
4:14 of 1st period - Stopped by Steve Mason without a rebound.
4:15 of 1st period - Billy Sweat wins face-off versus Rick Schofield in Carnivores zone.
4:20 of 1st period - Slapshot by Andrew Ference.
4:20 of 1st period - Stopped by Peter Mannino with a rebound.
4:51 of 1st period - Snap shot by Riley Armstrong.
4:51 of 1st period - Stopped by Steve Mason with a rebound.
4:53 of 1st period - Slapshot by Eric Gryba.
4:53 of 1st period - Stopped by Steve Mason without a rebound.
4:54 of 1st period - Anton Lander wins face-off versus Rick Schofield in Carnivores zone.
5:19 of 1st period - Jared Cowen is hit by Zack Smith and loses puck.
6:17 of 1st period - Minor Penalty to Joe Finley for Hooking.
6:18 of 1st period - Tim Conboy wins face-off versus Eric Godard in Scraper zone.
6:18 of 1st period - Slapshot by Matt Cullen.
6:18 of 1st period - Shot Blocked by Ilkka Heikkinen.
7:39 of 1st period - Icing by John Moore.
7:40 of 1st period - Anton Gustafsson wins face-off versus Jerome Samson in Carnivores zone.
8:17 of 1st period - Penalty to Joe Finley is over, Joe Finley is back on ice.
8:24 of 1st period - Backhand shot by Rick Schofield.
8:24 of 1st period - Shot Misses the Net.
8:37 of 1st period - Icing by Phil Oreskovic.
8:38 of 1st period - Lane MacDermid wins face-off versus Brayden Schenn in Carnivores zone.
9:01 of 1st period - Jeremy Welsh is hit by Valeri Bure and loses puck.
9:15 of 1st period - John Moore is hit by Valeri Bure and loses puck.
9:42 of 1st period - Slapshot by Tim Conboy.
9:42 of 1st period - Goal by Tim Conboy - Scraper : 0 - Carnivores : 1.
9:43 of 1st period - Riley Armstrong wins face-off versus Anton Lander in neutral zone.
9:48 of 1st period - Snap shot by Eric Godard.
9:48 of 1st period - Shot Blocked by Andrew Ference.
9:50 of 1st period - Slapshot by Riley Armstrong.
9:50 of 1st period - Shot Blocked by Anton Lander.
9:52 of 1st period - Snap shot by Riley Armstrong.
9:52 of 1st period - Stopped by Steve Mason without a rebound.
9:53 of 1st period - Anton Lander wins face-off versus Riley Armstrong in Carnivores zone.
10:17 of 1st period - Off-side.
10:18 of 1st period - Anton Gustafsson wins face-off versus Rick Schofield in neutral zone.
10:25 of 1st period - Slapshot by Anton Gustafsson.
10:25 of 1st period - Stopped by Peter Mannino with a rebound.
11:03 of 1st period - Off-side.
11:04 of 1st period - David Van Der Gulik wins face-off versus Brayden Schenn in neutral zone.
11:27 of 1st period - Minor Penalty to Brendan Smith for Slashing.
11:28 of 1st period - Eric Godard wins face-off versus Matt Cullen in Scraper zone.
13:27 of 1st period - Penalty to Brendan Smith is over, Brendan Smith is back on ice.
13:30 of 1st period - Icing by Bobby Sanguinetti.
13:31 of 1st period - Anton Lander wins face-off versus Rick Schofield in Carnivores zone.
13:31 of 1st period - Tim Conboy is hit by Marcus Foligno and loses puck.
13:32 of 1st period - Tim Conboy from Carnivores is injured at 13:32 of 1st period (Bruised Right Foot).
13:33 of 1st period - Riley Armstrong wins face-off versus Anton Gustafsson in Carnivores zone.
13:38 of 1st period - Slapshot by Riley Armstrong.
13:38 of 1st period - Shot Misses the Net.
14:02 of 1st period - Off-side.
14:03 of 1st period - Rick Schofield wins face-off versus Anton Lander in neutral zone.
14:26 of 1st period - Wrist shot by Valeri Bure.
14:26 of 1st period - Stopped by Steve Mason without a rebound.
14:27 of 1st period - Riley Armstrong wins face-off versus Anton Gustafsson in Carnivores zone.
14:28 of 1st period - Snap shot by Eric Godard.
14:28 of 1st period - Stopped by Steve Mason without a rebound.
14:29 of 1st period - Anton Gustafsson wins face-off versus Riley Armstrong in Carnivores zone.
14:34 of 1st period - Snap shot by Eric Godard.
14:34 of 1st period - Deflect By Riley Armstrong.
14:34 of 1st period - Stopped by Steve Mason with a rebound.
14:36 of 1st period - Slapshot by Daniel Winnik.
14:36 of 1st period - Goal by Daniel Winnik - Scraper : 1 - Carnivores : 1.
14:37 of 1st period - Riley Armstrong wins face-off versus Anton Gustafsson in neutral zone.
15:51 of 1st period - Wrist shot by Riley Armstrong.
15:51 of 1st period - Shot Misses the Net.
16:33 of 1st period - Rick Schofield is hit by David Schlemko and loses puck.
17:21 of 1st period - Wrist shot by David Van Der Gulik.
17:21 of 1st period - Shot Blocked by Jerome Samson.
17:23 of 1st period - Snap shot by David Van Der Gulik.
17:23 of 1st period - Goal by David Van Der Gulik - Scraper : 1 - Carnivores : 2.
17:24 of 1st period - Anton Gustafsson wins face-off versus Riley Armstrong in neutral zone.
17:27 of 1st period - Snap shot by Jeremy Welsh.
17:27 of 1st period - Stopped by Peter Mannino with a rebound.
17:33 of 1st period - Snap shot by Anton Gustafsson.
17:33 of 1st period - Stopped by Peter Mannino with a rebound.
18:49 of 1st period - Wrist shot by Valeri Bure.
18:49 of 1st period - Stopped by Steve Mason with a rebound.
19:11 of 1st period - Slapshot by Christopher DiDomenico.
19:11 of 1st period - Shot Blocked by Ilkka Heikkinen.
19:27 of 1st period - Wrist shot by Colton Orr.
19:27 of 1st period - Deflect By Billy Sweat.
19:27 of 1st period - Stopped by Peter Mannino without a rebound.
19:28 of 1st period - Rick Schofield wins face-off versus Zack Smith in Scraper zone.
19:39 of 1st period - Zack Smith is hit by Valeri Bure.
19:55 of 1st period - Anton Gustafsson is hit by Riley Armstrong and loses puck.
Goals for this period are 1 for Scraper vs 2 for Carnivores.
Shots for this period are 15 for Scraper vs 8 for Carnivores.

2nd period


0:01 of 2nd period - Anton Lander wins face-off versus Riley Armstrong in neutral zone.
0:04 of 2nd period - Snap shot by David Van Der Gulik.
0:04 of 2nd period - Deflect By Anton Lander.
0:04 of 2nd period - Shot Misses the Net.
0:04 of 2nd period - Puck is out of play.
0:05 of 2nd period - Riley Armstrong wins face-off versus Anton Lander in Scraper zone.
0:05 of 2nd period - Riley Armstrong is hit by Lane MacDermid.
0:41 of 2nd period - Wrist shot by Valeri Bure.
0:41 of 2nd period - Stopped by Steve Mason with a rebound.
1:37 of 2nd period - Wrist shot by Valeri Bure.
1:37 of 2nd period - Deflect By Marcus Foligno.
1:37 of 2nd period - Goal by Marcus Foligno - Scraper : 2 - Carnivores : 2.
1:38 of 2nd period - Riley Armstrong wins face-off versus Anton Gustafsson in neutral zone.
1:54 of 2nd period - Snap shot by Jeremy Welsh.
1:54 of 2nd period - Stopped by Peter Mannino without a rebound.
1:55 of 2nd period - Zack Smith wins face-off versus Riley Armstrong in Scraper zone.
2:06 of 2nd period - Snap shot by Riley Armstrong.
2:06 of 2nd period - Stopped by Steve Mason without a rebound.
2:07 of 2nd period - Riley Armstrong wins face-off versus Anton Lander in Carnivores zone.
2:20 of 2nd period - Backhand shot by Andrew Ference.
2:20 of 2nd period - Stopped by Peter Mannino with a rebound.
2:22 of 2nd period - Snap shot by David Van Der Gulik.
2:22 of 2nd period - Stopped by Peter Mannino without a rebound.
2:23 of 2nd period - Rick Schofield wins face-off versus Anton Gustafsson in Scraper zone.
2:42 of 2nd period - Icing by Anton Lander.
2:43 of 2nd period - Anton Lander wins face-off versus Riley Armstrong in Carnivores zone.
2:59 of 2nd period - Icing by Eric Godard.
3:00 of 2nd period - Riley Armstrong wins face-off versus Zack Smith in Scraper zone.
3:11 of 2nd period - Patrick McNeill is hit by Riley Armstrong and loses puck.
3:34 of 2nd period - Snap shot by Valeri Bure.
3:34 of 2nd period - Stopped by Steve Mason with a rebound.
3:36 of 2nd period - Wrist shot by Valeri Bure.
3:36 of 2nd period - Stopped by Steve Mason with a rebound.
3:46 of 2nd period - Jeremy Welsh is hit by Reilly Smith and loses puck.
5:15 of 2nd period - Joe Finley is hit by Jeremy Welsh and loses puck.
5:42 of 2nd period - Icing by Billy Sweat.
5:43 of 2nd period - Riley Armstrong wins face-off versus Ian Schultz in Carnivores zone.
5:50 of 2nd period - Snap shot by Riley Armstrong.
5:50 of 2nd period - Shot Misses the Net.
6:24 of 2nd period - Minor Penalty to David Schlemko for Hooking.
6:25 of 2nd period - Anton Gustafsson wins face-off versus Riley Armstrong in Carnivores zone.
6:25 of 2nd period - Anton Gustafsson is hit by Derek Joslin.
7:05 of 2nd period - Wrist shot by Brendan Smith.
7:05 of 2nd period - Stopped by Steve Mason with a rebound.
7:07 of 2nd period - Slapshot by Derek Joslin.
7:07 of 2nd period - Stopped by Steve Mason without a rebound.
7:08 of 2nd period - Rick Schofield wins face-off versus Anton Lander in Carnivores zone.
7:09 of 2nd period - Snap shot by Valeri Bure.
7:09 of 2nd period - Stopped by Steve Mason with a rebound.
7:13 of 2nd period - Snap shot by Rick Schofield.
7:13 of 2nd period - Stopped by Steve Mason with a rebound.
7:15 of 2nd period - Snap shot by Valeri Bure.
7:15 of 2nd period - Shot Misses the Net.
7:17 of 2nd period - Wrist shot by Jared Cowen.
7:17 of 2nd period - Stopped by Steve Mason with a rebound.
7:19 of 2nd period - Snap shot by Marcus Foligno.
7:19 of 2nd period - Shot Misses the Net.
7:31 of 2nd period - John Moore is hit by Daniel Winnik and loses puck.
7:46 of 2nd period - Snap shot by Billy Sweat.
7:46 of 2nd period - Stopped by Peter Mannino without a rebound.
7:47 of 2nd period - Anton Gustafsson wins face-off versus Rick Schofield in Scraper zone.
8:22 of 2nd period - Snap shot by Eric Godard.
8:22 of 2nd period - Goal by Eric Godard - Scraper : 3 - Carnivores : 2.
8:23 of 2nd period - Riley Armstrong wins face-off versus Zack Smith in neutral zone.
8:38 of 2nd period - Slapshot by Billy Sweat.
8:38 of 2nd period - Shot Misses the Net.
8:48 of 2nd period - Anton Gustafsson is hit by Valeri Bure and loses puck.
9:25 of 2nd period - Jared Cowen is hit by David Van Der Gulik and loses puck.
10:02 of 2nd period - Wrist shot by Anton Gustafsson.
10:02 of 2nd period - Deflect By Jeremy Welsh.
10:02 of 2nd period - Stopped by Peter Mannino without a rebound.
10:03 of 2nd period - Anton Gustafsson wins face-off versus Brayden Schenn in Scraper zone.
10:12 of 2nd period - Wrist shot by Colton Orr.
10:12 of 2nd period - Stopped by Peter Mannino with a rebound.
10:14 of 2nd period - Wrist shot by Colton Orr.
10:14 of 2nd period - Stopped by Peter Mannino with a rebound.
10:16 of 2nd period - Snap shot by John Moore.
10:16 of 2nd period - Stopped by Peter Mannino without a rebound.
10:17 of 2nd period - Anton Gustafsson wins face-off versus Rick Schofield in Scraper zone.
10:39 of 2nd period - Wrist shot by Eric Godard.
10:39 of 2nd period - Shot Misses the Net.
10:41 of 2nd period - Slapshot by Jared Cowen.
10:41 of 2nd period - Shot Misses the Net.
10:43 of 2nd period - Snap shot by Daniel Winnik.
10:43 of 2nd period - Goal by Daniel Winnik - Scraper : 4 - Carnivores : 2.
10:44 of 2nd period - Riley Armstrong wins face-off versus Anton Lander in neutral zone.
11:09 of 2nd period - Jeremy Welsh is hit by Brendan Smith.
11:33 of 2nd period - Patrick McNeill is hit by Brayden Schenn and loses puck.
12:00 of 2nd period - Zack Smith is hit by Joe Finley.
12:26 of 2nd period - Wrist shot by Jeremy Welsh.
12:26 of 2nd period - Deflect By Anton Gustafsson.
12:26 of 2nd period - Stopped by Peter Mannino without a rebound.
12:27 of 2nd period - Anton Gustafsson wins face-off versus Brayden Schenn in Scraper zone.
12:28 of 2nd period - Wrist shot by Colton Orr.
12:28 of 2nd period - Deflect By Brayden Schenn.
12:28 of 2nd period - Stopped by Peter Mannino without a rebound.
12:29 of 2nd period - Anton Gustafsson wins face-off versus Brayden Schenn in Scraper zone.
12:32 of 2nd period - Wrist shot by Anton Gustafsson.
12:32 of 2nd period - Deflect By Eric Godard.
12:32 of 2nd period - Stopped by Peter Mannino without a rebound.
12:33 of 2nd period - Anton Gustafsson wins face-off versus Riley Armstrong in Scraper zone.
13:36 of 2nd period - Jared Cowen is hit by David Van Der Gulik and loses puck.
14:01 of 2nd period - Slapshot by Colton Orr.
14:01 of 2nd period - Shot Blocked by Riley Armstrong.
14:29 of 2nd period - Wrist shot by Colton Orr.
14:29 of 2nd period - Shot Misses the Net.
14:57 of 2nd period - David Van Der Gulik is hit by Reilly Smith and loses puck.
15:43 of 2nd period - Icing by Anton Gustafsson.
15:44 of 2nd period - Brayden Schenn wins face-off versus Anton Gustafsson in Carnivores zone.
16:17 of 2nd period - Slapshot by John Moore.
16:17 of 2nd period - Stopped by Peter Mannino without a rebound.
16:18 of 2nd period - Zack Smith wins face-off versus Rick Schofield in Scraper zone.
17:03 of 2nd period - Slapshot by Valeri Bure.
17:03 of 2nd period - Shot Misses the Net.
17:09 of 2nd period - Snap shot by Rick Schofield.
17:09 of 2nd period - Shot Misses the Net.
17:11 of 2nd period - Wrist shot by Rick Schofield.
17:11 of 2nd period - Shot Blocked by Patrick McNeill.
17:13 of 2nd period - Slapshot by Joe Finley.
17:13 of 2nd period - Shot Blocked by Colton Orr.
17:15 of 2nd period - Wrist shot by Rick Schofield.
17:15 of 2nd period - Shot Blocked by Patrick McNeill.
17:17 of 2nd period - Snap shot by Marcus Foligno.
17:17 of 2nd period - Shot Misses the Net.
17:45 of 2nd period - Slapshot by Billy Sweat.
17:45 of 2nd period - Deflect By Zack Smith.
17:45 of 2nd period - Shot Blocked by Marcus Foligno.
17:45 of 2nd period - Puck is out of play.
17:46 of 2nd period - Riley Armstrong wins face-off versus Anton Gustafsson in Scraper zone.
17:59 of 2nd period - Slapshot by John Moore.
17:59 of 2nd period - Stopped by Peter Mannino with a rebound.
18:25 of 2nd period - Jerome Samson is hit by Matt Cullen and loses puck.
18:45 of 2nd period - Off-side.
18:46 of 2nd period - Riley Nash wins face-off versus Anton Gustafsson in neutral zone.
18:49 of 2nd period - Wrist shot by Riley Armstrong.
18:49 of 2nd period - Stopped by Steve Mason with a rebound.
Goals for this period are 3 for Scraper vs 0 for Carnivores.
Shots for this period are 13 for Scraper vs 13 for Carnivores.

3rd period


0:01 of 3rd period - Anton Gustafsson wins face-off versus Riley Armstrong in neutral zone.
0:03 of 3rd period - Off-side.
0:04 of 3rd period - Riley Armstrong wins face-off versus Anton Gustafsson in neutral zone.
0:18 of 3rd period - Off-side.
0:19 of 3rd period - Riley Armstrong wins face-off versus Anton Lander in neutral zone.
1:23 of 3rd period - Snap shot by Riley Nash.
1:23 of 3rd period - Stopped by Steve Mason with a rebound.
1:25 of 3rd period - Slapshot by Eric Gryba.
1:25 of 3rd period - Shot Blocked by Phil Oreskovic.
1:25 of 3rd period - Phil Oreskovic from Carnivores is injured at 1:25 of 3rd period (Back).
1:26 of 3rd period - David Van Der Gulik wins face-off versus Riley Armstrong in Carnivores zone.
1:58 of 3rd period - Slapshot by Daniel Winnik.
1:58 of 3rd period - Shot Blocked by John Moore.
2:00 of 3rd period - Snap shot by Daniel Winnik.
2:00 of 3rd period - Goal by Daniel Winnik - Scraper : 5 - Carnivores : 2.
2:01 of 3rd period - Rick Schofield wins face-off versus Anton Gustafsson in neutral zone.
2:27 of 3rd period - Zack Smith is hit by Riley Armstrong and loses puck.
2:32 of 3rd period - Snap shot by Riley Armstrong.
2:32 of 3rd period - Stopped by Steve Mason with a rebound.
2:34 of 3rd period - Snap shot by Riley Armstrong.
2:34 of 3rd period - Goal by Riley Armstrong - Scraper : 6 - Carnivores : 2.
2:35 of 3rd period - Anton Lander wins face-off versus Riley Armstrong in neutral zone.
2:38 of 3rd period - Wrist shot by David Van Der Gulik.
2:38 of 3rd period - Stopped by Peter Mannino without a rebound.
2:39 of 3rd period - Anton Lander wins face-off versus Riley Armstrong in Scraper zone.
2:44 of 3rd period - Snap shot by Lane MacDermid.
2:44 of 3rd period - Stopped by Peter Mannino with a rebound.
2:46 of 3rd period - Wrist shot by Anton Lander.
2:46 of 3rd period - Shot Misses the Net.
2:54 of 3rd period - Slapshot by Lane MacDermid.
2:54 of 3rd period - Stopped by Peter Mannino without a rebound.
2:55 of 3rd period - Riley Armstrong wins face-off versus Anton Gustafsson in Scraper zone.
2:59 of 3rd period - Minor Penalty to Anton Gustafsson for Tripping.
3:00 of 3rd period - Riley Armstrong wins face-off versus Lane MacDermid in Carnivores zone.
3:16 of 3rd period - Snap shot by Eric Godard.
3:16 of 3rd period - Deflect By John Moore.
3:16 of 3rd period - Stopped by Steve Mason without a rebound.
3:17 of 3rd period - Rick Schofield wins face-off versus Lane MacDermid in Carnivores zone.
3:28 of 3rd period - Wrist shot by Valeri Bure.
3:28 of 3rd period - Stopped by Steve Mason without a rebound.
3:29 of 3rd period - Riley Armstrong wins face-off versus Lane MacDermid in Carnivores zone.
3:38 of 3rd period - Slapshot by Riley Armstrong.
3:38 of 3rd period - Shot Misses the Net.
3:49 of 3rd period - Icing by Derek Joslin.
3:50 of 3rd period - Rick Schofield wins face-off versus Anton Lander in Scraper zone.
3:50 of 3rd period - Rick Schofield is hit by Andrew Ference.
3:56 of 3rd period - Slapshot by Andrew Ference.
3:56 of 3rd period - Deflect By Rick Schofield.
3:56 of 3rd period - Stopped by Peter Mannino with a rebound.
3:58 of 3rd period - Backhand shot by Lane MacDermid.
3:58 of 3rd period - Deflect By Anton Lander.
3:58 of 3rd period - Stopped by Peter Mannino with a rebound.
4:00 of 3rd period - Slapshot by Anton Lander.
4:00 of 3rd period - Stopped by Peter Mannino with a rebound.
4:59 of 3rd period - Penalty to Anton Gustafsson is over, Anton Gustafsson is back on ice.
5:20 of 3rd period - Wrist shot by Anton Gustafsson.
5:20 of 3rd period - Deflect By Matt Cullen.
5:20 of 3rd period - Shot Misses the Net.
5:20 of 3rd period - Puck is out of play.
5:21 of 3rd period - Riley Nash wins face-off versus Zack Smith in Scraper zone.
5:23 of 3rd period - Minor Penalty to Riley Nash for Tripping.
5:24 of 3rd period - Matt Cullen wins face-off versus Eric Godard in Scraper zone.
5:55 of 3rd period - Snap shot by David Van Der Gulik.
5:55 of 3rd period - Shot Misses the Net.
6:09 of 3rd period - Bobby Sanguinetti is hit by Valeri Bure.
7:21 of 3rd period - Wrist shot by Matt Cullen.
7:21 of 3rd period - Stopped by Peter Mannino without a rebound.
7:22 of 3rd period - Brayden Schenn wins face-off versus Anton Gustafsson in Scraper zone.
7:23 of 3rd period - Penalty to Riley Nash is over, Riley Nash is back on ice.
7:48 of 3rd period - Slapshot by Ilkka Heikkinen.
7:48 of 3rd period - Shot Blocked by John Moore.
8:04 of 3rd period - Wrist shot by Riley Armstrong.
8:04 of 3rd period - Shot Misses the Net.
8:06 of 3rd period - Wrist shot by Riley Armstrong.
8:06 of 3rd period - Stopped by Steve Mason with a rebound.
8:21 of 3rd period - Anton Lander is hit by Reilly Smith and loses puck.
8:26 of 3rd period - Wrist shot by Valeri Bure.
8:26 of 3rd period - Stopped by Steve Mason without a rebound.
8:27 of 3rd period - Riley Armstrong wins face-off versus Anton Lander in Carnivores zone.
8:34 of 3rd period - Snap shot by Daniel Winnik.
8:34 of 3rd period - Goal by Daniel Winnik - Scraper : 7 - Carnivores : 2.
8:35 of 3rd period - Anton Gustafsson wins face-off versus Riley Armstrong in neutral zone.
8:40 of 3rd period - Derek Joslin is hit by Andrew Ference.
8:44 of 3rd period - Wrist shot by Anton Gustafsson.
8:44 of 3rd period - Stopped by Peter Mannino without a rebound.
8:45 of 3rd period - Anton Gustafsson wins face-off versus Riley Armstrong in Scraper zone.
8:50 of 3rd period - Snap shot by Jeremy Welsh.
8:50 of 3rd period - Goal by Jeremy Welsh - Scraper : 7 - Carnivores : 3.
8:51 of 3rd period - Anton Lander wins face-off versus Eric Godard in neutral zone.
9:18 of 3rd period - Jeremy Welsh is hit by Valeri Bure and loses puck.
9:43 of 3rd period - Bobby Sanguinetti is hit by Jared Cowen and loses puck.
9:44 of 3rd period - Bobby Sanguinetti from Carnivores is injured at 9:44 of 3rd period (Bruised Right Foot).
9:45 of 3rd period - Riley Armstrong wins face-off versus Anton Lander in Carnivores zone.
9:52 of 3rd period - Slapshot by Andrew Ference.
9:52 of 3rd period - Shot Misses the Net.
9:54 of 3rd period - Slapshot by Andrew Ference.
9:54 of 3rd period - Stopped by Peter Mannino with a rebound.
9:56 of 3rd period - Snap shot by David Van Der Gulik.
9:56 of 3rd period - Shot Misses the Net.
9:58 of 3rd period - Slapshot by Lane MacDermid.
9:58 of 3rd period - Stopped by Peter Mannino without a rebound.
9:59 of 3rd period - Riley Armstrong wins face-off versus Anton Gustafsson in Scraper zone.
10:11 of 3rd period - Wrist shot by Anton Gustafsson.
10:11 of 3rd period - Shot Misses the Net.
10:13 of 3rd period - Wrist shot by Anton Lander.
10:13 of 3rd period - Stopped by Peter Mannino with a rebound.
10:15 of 3rd period - Slapshot by Anton Gustafsson.
10:15 of 3rd period - Shot Misses the Net.
10:25 of 3rd period - Colton Orr is hit by Valeri Bure and loses puck.
11:19 of 3rd period - Frederic St-Denis is hit by Jerome Samson and loses puck.
11:46 of 3rd period - Slapshot by Patrick McNeill.
11:46 of 3rd period - Shot Blocked by Brendan Smith.
11:48 of 3rd period - Wrist shot by Lane MacDermid.
11:48 of 3rd period - Stopped by Peter Mannino with a rebound.
11:50 of 3rd period - Wrist shot by Anton Lander.
11:50 of 3rd period - Shot Blocked by Derek Joslin.
11:52 of 3rd period - Slapshot by Lane MacDermid.
11:52 of 3rd period - Shot Misses the Net.
12:25 of 3rd period - Slapshot by Patrick McNeill.
12:25 of 3rd period - Shot Blocked by Derek Joslin.
12:27 of 3rd period - Snap shot by Lane MacDermid.
12:27 of 3rd period - Stopped by Peter Mannino with a rebound.
12:29 of 3rd period - Slapshot by Anton Lander.
12:29 of 3rd period - Stopped by Peter Mannino without a rebound.
12:30 of 3rd period - Anton Gustafsson wins face-off versus Riley Armstrong in Scraper zone.
12:49 of 3rd period - Andrew Ference is hit by Riley Armstrong.
13:05 of 3rd period - Slapshot by Christopher DiDomenico.
13:05 of 3rd period - Stopped by Peter Mannino without a rebound.
13:06 of 3rd period - Matt Cullen wins face-off versus Jerome Samson in Scraper zone.
13:06 of 3rd period - Matt Cullen is hit by Jared Cowen.
13:14 of 3rd period - Riley Nash is hit by Matt Cullen.
13:22 of 3rd period - Jared Cowen is hit by Christopher DiDomenico and loses puck.
13:55 of 3rd period - Patrick McNeill is hit by Riley Armstrong and loses puck.
14:28 of 3rd period - Wrist shot by Billy Sweat.
14:28 of 3rd period - Stopped by Peter Mannino with a rebound.
15:41 of 3rd period - Eric Godard is hit by Matt Cullen and loses puck.
16:16 of 3rd period - Jerome Samson is hit by Christopher DiDomenico and loses puck.
16:53 of 3rd period - Minor Penalty to Patrick McNeill for Hooking.
16:54 of 3rd period - Valeri Bure wins face-off versus Anton Gustafsson in Carnivores zone.
18:53 of 3rd period - Penalty to Patrick McNeill is over, Patrick McNeill is back on ice.
18:55 of 3rd period - Frederic St-Denis is hit by Ilkka Heikkinen and loses puck.
19:02 of 3rd period - Slapshot by David Schlemko.
19:02 of 3rd period - Shot Blocked by Jerome Samson.
19:40 of 3rd period - Off-side.
19:41 of 3rd period - Christopher DiDomenico wins face-off versus Rick Schofield in neutral zone.
19:46 of 3rd period - Wrist shot by Matt Cullen.
19:46 of 3rd period - Shot Misses the Net.
19:52 of 3rd period - Marcus Foligno is hit by Ian Schultz and loses puck.
Goals for this period are 3 for Scraper vs 1 for Carnivores.
Shots for this period are 9 for Scraper vs 17 for Carnivores.


Output by the SimonT Hockey Simulator (STHS) for François Prévost -- Original Page W3C XHTML 1.0 Valid
Hockey Simulator - Hockey Simulation - Hockey Manager